 Dungeon Crawl Stone Soup version 0.17-a0-1150-g17b0b87 (webtiles) character file.

425 Chiseanne the Skirmisher (level 6, 0/51 HPs)
             Began as a Demonspawn Wanderer on May 27, 2015.
             Was an Initiate of Yredelemnul.
             Slain by a quokka (1 damage)
             ... summoned by Eustachio
             ... on level 4 of the Dungeon.
             The game lasted 00:10:23 (2818 turns).

Chiseanne the Skirmisher (Demonspawn Wanderer)      Turns: 2818, Time: 00:10:23

Health: 0/51       AC: 11    Str: 14    XL:     6   Next: 64%
Magic:  6/6        EV:  5    Int: 16    God:    Yredelemnul [......]
Gold:   136        SH:  0    Dex: 10    Spells: 0 memorised, 5 levels left

rFire  . . .     SeeInvis .     a - +2 whip (elec)
rCold  . . .     Clarity  +     p - +2 scale mail
rNeg   . . .     SustAt   .     (no shield)
rPois  +         Gourm    .     (no helmet)
rElec  .         Spirit   .     (no cloak)
rCorr  .         Warding  .     k - +1 pair of gloves
rMut   .         Stasis   .     (no boots)
MR     +....                    i - amulet of clarity
Stlth  ..........               v - ring of protection from magic
                                j - ring of poison resistance

@: slowed, very slow, somewhat resistant to hostile enchantments, extremely
unstealthy
A: powered by death 3
a: Renounce Religion


You were on level 4 of the Dungeon.
You worshipped Yredelemnul.
Yredelemnul was noncommittal.
You were hungry.

You visited 2 branches of the dungeon, and saw 5 of its levels.

You collected 136 gold pieces.

Inventory:

Hand weapons
 a - a +2 whip of electrocution (weapon)
 s - a +1 trident of piercing
Missiles
 f - 45 arrows
 r - 14 poisoned needles
 t - 42 bolts
Armour
 k - a +1 pair of gloves (worn)
 p - a +2 scale mail (worn)
Jewellery
 i - an amulet of clarity (around neck)
 j - a ring of poison resistance (left hand)
 m - an uncursed ring of magical power
 v - a ring of protection from magic (right hand)
Magical devices
 u - a wand of heal wounds (7)
Scrolls
 e - 2 scrolls of remove curse
Potions
 c - a potion of curing
 g - a potion of lignification
 h - a potion of heal wounds {unknown}
 n - a potion of poison {unknown}
 o - a potion of cancellation {unknown}
 q - 2 potions of brilliance
 w - a potion of resistance {unknown}
Books
 l - a book of Death

   Spells                             Type                      Level
   a - Corpse Rot                     Necromancy                   2
   b - Sublimation of Blood           Necromancy                   2
   c - Agony                          Necromancy                   5
   d - Dispel Undead                  Necromancy                   5
   e - Excruciating Wounds            Charms/Necromancy            5
   f - Bolt of Draining               Conjuration/Necromancy       5
Comestibles
 b - 2 beef jerkies
 d - 2 bread rations


   Skills:
 * Level 5.1 Fighting
   Level 1.0 Short Blades
   Level 1.0 Crossbows
 - Level 1.0 Throwing
 * Level 3.4 Armour
 * Level 3.6 Dodging
 - Level 1.0 Stealth
 - Level 1.0 Evocations


You had 5 spell levels left.
You didn't know any spells.

Dungeon Overview and Level Annotations

Branches:
Dungeon (4/15)             Temple (1/1) D:4

Altars:
Cheibriados
Dithmenos
Elyvilon
Fedhas
Makhleb
Nemelex Xobeh
Qazlal
Ru
Sif Muna
Xom
Yredelemnul

Annotations:
D:4 Eustachio


Innate Abilities, Weirdness & Mutations

You can steal the life force of all defeated enemies in sight.


Message History

The quokka bites you but does no damage.
The bat hits you but does no damage.
The quokka bites you but does no damage.
The river rat bites you but does no damage.
The shadow imp disappears in a puff of smoke!
The iron imp disappears in a puff of smoke!
The bat barely misses you.
The quokka bites you but does no damage.
The river rat bites you but does no damage.
The quokka bites you but does no damage.
The quokka closely misses you.
Eustachio zaps a wand.
You resist with almost no effort. The river rat closely misses you.
There is a stone staircase leading up here.
The bat hits you but does no damage. The quokka bites you.
* * * LOW HITPOINT WARNING * * *
The quokka barely misses you.
The river rat bites you but does no damage.
The quokka bites you.
You die...
Your body rises from the dead as a mindless zombie.

#.........#
#.........#
####
#....§....#
....#
#..5......#
#..##..§@.....#
#.........><..#
###...5...>....
#..r5r.....##
#..r@$.#...#
##.?.##..##.# #
#.....##.!...
#.
##.....5.###.
#.. ##.####.#
#... #.# #
.....###.# #
#......# .. ..
##.#..##### .##
#.###


You could see Eustachio, an iron imp, a crimson imp, a river rat, an ufetubus
and 2 quokkas.

Vanquished Creatures
  An ogre (D:4)
  The ghost of katzbalger the Conjurer, an average TeCj (D:3)
  A scorpion (D:4)
  A hound (D:4)
  A worker ant (D:4)
  6 adders
  An ooze (D:2)
  5 worms
  2 giant geckos
  9 orcs
  5 giant cockroaches
  8 goblins
  7 hobgoblins
  6 jackals (D:1)
  2 ball pythons
  3 bats
  7 giant newts
  13 kobolds
  14 rats
93 creatures vanquished.

Notes
Turn   | Place    | Note
--------------------------------------------------------------
     0 | D:1      | Chiseanne the Demonspawn Wanderer began the quest for the Orb.
     0 | D:1      | Chiseanne set off with: a +2 scale mail, a +0 short sword, a potion of curing, a bread ration
     0 | D:1      | Reached XP level 1. HP: 18/18 MP: 1/1
   102 | D:1      | Gained mutation: You can steal the life force of nearby defeated enemies. [demonic ancestry]
   102 | D:1      | Reached XP level 2. HP: 20/24 MP: 2/2
   698 | D:1      | Gained mutation: You can steal the life force of defeated enemies. [demonic ancestry]
   698 | D:1      | Reached XP level 3. HP: 30/30 MP: 3/3
  1002 | D:2      | Reached skill level 4 in Fighting
  1042 | D:2      | Reached XP level 4. HP: 30/37 MP: 4/4
  1655 | D:3      | Noticed katzbalger's ghost (average TeCj)
  2304 | D:4      | Reached XP level 5. HP: 30/43 MP: 5/5
  2409 | D:4      | Noticed an ogre
  2422 | D:4      | Killed an ogre
  2422 | D:4      | Gained mutation: You can steal the life force of all defeated enemies in sight. [demonic ancestry]
  2422 | D:4      | Reached XP level 6. HP: 38/50 MP: 6/6
  2449 | D:4      | Reached skill level 5 in Fighting
  2463 | D:4      | Found a staircase to the Ecumenical Temple.
  2478 | Temple   | Entered the Ecumenical Temple
  2638 | Temple   | Became a worshipper of Yredelemnul the Dark
  2678 | D:4      | Noticed Eustachio
  2727 | D:3      | Killed katzbalger's ghost
  2815 | D:4      | HP: 1/51 [river rat[Eustachio] (2)]
  2818 | D:4      | Slain by a quokka

Vault maps used:
D:1:      erik_arrival_triangle_huge, minmay_misc_feat_iff
D:2:      dk_noncrumbling_2, kennysheep_nondescript
D:4:      minmay_temple_entry_grid, uniq_eustachio
Temple:   bh_familiar_temple

Action                   |  1- 3 |  4- 6 || total
-------------------------+-------+-------++-------
Melee: Short sword       |   192 |       ||   192
       Dagger            |    30 |   130 ||   160
       Whip              |       |   116 ||   116
  Use: Scroll            |       |     6 ||     6
       Potion            |       |     1 ||     1
  Eat: Chunk             |     1 |     5 ||     6
